Map: Dusk Towers

Players

KPbIM

  • Race: Protoss Protoss
  • League: Master

MCanning - Winner!

  • Race: Protoss Protoss
  • League: Master

VOD

Have the link to the VOD?

Description

Time

  • Played on: Feb. 5, 2016, 3:46 a.m.
  • Length: 9:11
Show
View Real Time Build Order
Export as new Build Order

KPbIM Protoss 

Build Orders: Blink Stalkers 

Get SALT Encoding   

  12  0:01  Probe (Chrono Boost)  
  13  0:13  Pylon  
  13  0:18  Probe (Chrono Boost)  
  14  0:29  Probe (Chrono Boost)  
  15  0:36  Gateway  
  15  0:40  Probe (Chrono Boost)  
  16  0:46  Assimilator  
  16  0:51  Probe (Chrono Boost)  
  17  0:59  Assimilator  
  17  1:02  Probe (Chrono Boost)  
  18  1:04  Assimilator  
  18  1:13  Assimilator  
  18  1:16  Probe (Chrono Boost)  
  18  1:18  Assimilator  
  19  1:26  Cybernetics Core  
  19  1:31  Probe (Chrono Boost)  
  20  1:38  Assimilator  
  20  1:42  Probe (Chrono Boost)  
  21  1:47  Pylon  
  21  1:54  Probe (Chrono Boost)  
  21  2:04  Probe (Chrono Boost)  
  21  2:05  Warp Gate, Stalker (Chrono Boost)  
  24  2:23  Twilight Council  
  24  2:26  Probe  
  25  2:33  Stalker (Chrono Boost)  
  27  3:01  Blink (Chrono Boost)  
  27  3:06  Nexus  
  27  3:11  Stalker  
  29  3:21  Gateway  
  29  3:33  Pylon  
  29  3:53  Gateway  
  29  3:55  Pylon  
  29  4:02  Probe  
  30  4:13  Gateway  
  30  4:18  Stalker  
  32  4:25  Stalker  
  32  4:26  Probe  
  32  4:27  Probe  
  36  4:45  Stalker  
  38  4:55  Stalker x2  
  38  4:57  Probe  
  38  4:58  Probe  
  44  5:10  Mothership Core  
  46  5:16  Stalker x2  
  46  5:18  Stalker  
  46  5:19  Probe  
  53  5:26  Stalker  
  53  5:47  Stalker x3  
  55  6:01  Stalker  
  55  6:02  Probe  
  55  6:03  Probe  
  55  6:11  Stalker x2  
  55  6:14  Stalker  
  43  6:34  Probe (Chrono Boost)  
  43  6:35  Probe (Chrono Boost)  
  43  6:38  Robotics Facility  
  45  6:43  Stalker x2  
  45  6:46  Probe x2 (Chrono Boost)  
  51  6:56  Probe (Chrono Boost)  
  51  6:57  Probe (Chrono Boost)  
  53  7:01  Stargate  
  53  7:06  Assimilator  
  53  7:07  Assimilator, Probe (Chrono Boost)  
  54  7:09  Probe (Chrono Boost)  
  53  7:17  Probe (Chrono Boost)  
  53  7:21  Adept x3  
  60  7:24  Adept  
  62  7:43  Pylon  
  62  7:46  Probe  
  62  7:48  Probe  
  62  7:52  Pylon  
  62  8:02  Immortal (Chrono Boost), Sentry  
  62  8:03  Adept  
  62  8:04  Adept  
  64  8:13  Adept  
  62  8:28  Zealot x3  
  61  8:42  Pylon  
  61  8:44  Pylon  
  61  8:52  Pylon  
  61  8:59  Pylon  
  61  9:01  Pylon  
Show
View Real Time Build Order
Export as new Build Order

MCanning Protoss - Winner!

Build Orders: Nexus First 

Get SALT Encoding   

  12  0:01  Probe (Chrono Boost)  
  13  0:11  Probe (Chrono Boost)  
  14  0:18  Pylon  
  14  0:22  Probe (Chrono Boost)  
  15  0:36  Probe (Chrono Boost)  
  16  0:46  Probe (Chrono Boost)  
  17  0:57  Nexus  
  17  1:10  Probe (Chrono Boost)  
  17  1:11  Gateway  
  18  1:21  Gateway  
  18  1:24  Probe (Chrono Boost)  
  19  1:35  Probe (Chrono Boost)  
  20  1:45  Probe (Chrono Boost)  
  20  1:56  Probe (Chrono Boost)  
  20  1:57  Zealot (Chrono Boost)  
  23  2:09  Probe  
  23  2:10  Pylon  
  23  2:13  Zealot (Chrono Boost)  
  26  2:17  Cybernetics Core  
  26  2:25  Zealot (Chrono Boost)  
  26  2:28  Pylon  
  28  2:39  Probe  
  28  2:41  Assimilator  
  28  2:45  Probe  
  28  2:50  Gateway  
  29  2:59  Zealot (Chrono Boost)  
  29  3:02  Zealot (Chrono Boost)  
  29  3:03  Probe  
  34  3:08  Assimilator  
  34  3:12  Probe  
  34  3:17  Pylon  
  36  3:26  Gateway  
  35  3:29  Pylon  
  35  3:38  Pylon  
  35  3:43  Mothership Core (Chrono Boost)  
  35  3:47  Probe (Chrono Boost)  
  38  3:55  Warp Gate (Chrono Boost)  
  38  3:58  Probe (Chrono Boost)  
  38  4:01  Probe  
  39  4:06  Stalker (Chrono Boost)  
  41  4:10  Probe  
  41  4:12  Probe  
  41  4:13  Stalker (Chrono Boost)  
  45  4:30  Robotics Facility  
  45  4:33  Pylon  
  45  4:39  Stalker (Chrono Boost)  
  47  4:46  Probe  
  47  4:50  Assimilator  
  47  4:52  Stalker (Chrono Boost)  
  48  4:57  Probe  
  49  5:02  Pylon  
  49  5:05  Zealot (Chrono Boost)  
  53  5:15  Immortal (Chrono Boost)  
  53  5:23  Sentry  
  55  5:31  Stalker  
  55  5:34  Pylon  
  50  5:48  Immortal  
  46  5:55  Zealot  
  47  6:01  Probe  
  47  6:03  Probe  
  47  6:06  Zealot  
  47  6:13  Sentry  
  47  6:14  Probe  
  47  6:17  Sentry  
  50  6:34  Mothership Core (Chrono Boost)  
  50  6:35  Immortal, Probe (Chrono Boost)  
  58  6:55  Probe x2 (Chrono Boost)  
  59  7:05  Probe (Chrono Boost)  
  59  7:07  Probe (Chrono Boost)  
  61  7:12  Observer  
  62  7:16  Probe (Chrono Boost)  
  62  7:19  Probe (Chrono Boost), Stalker x2  
  68  7:26  Probe (Chrono Boost)  
  70  7:31  Probe (Chrono Boost), Warp Prism  
  73  7:37  Probe (Chrono Boost)  
  73  7:43  Probe (Chrono Boost)  
  74  7:49  Adept x2  
  78  7:51  Pylon  
  65  8:20  Stalker x3  
  67  8:35  Probe (Chrono Boost)  
  68  8:48  Zealot x2  
  68  8:49  Zealot  
Tags
 
Composition
Blink Stalkers
Matchup
PvP
Player
MCanning
Add a new tag
Caveats
  • Supply blocks, unpowered buildings, or Contaminate may cause inaccurate times.
  • Supply counts are checked every 10 seconds.